 Dungeon Crawl Stone Soup version 0.19-a0-965-g50bf062 (webtiles) character file.

37063 zxkuqyb the Grappler (level 13, -2/84 HPs)
             Began as a Gargoyle Monk on July 12, 2016.
             Was the Champion of Pakellas.
             Splashed by an acid blob's acid (9 damage)
             ... on level 6 of the Lair of Beasts.
             The game lasted 02:26:57 (20596 turns).

zxkuqyb the Grappler (Gargoyle Monk)               Turns: 20596, Time: 02:26:58

Health: -2/84      AC: 12    Str: 19    XL:     13   Next: 94%
Magic:  19/19      EV: 21    Int: 10    God:    Pakellas [******]
Gold:   996        SH:  3    Dex: 22    Spells: 0 memorised, 14 levels left

rFire  . . .     SeeInvis .       - Unarmed
rCold  . . .     Gourm    .     d - +0 leather armour
rNeg   + . .     Faith    .     (no shield)
rPois  ∞         Spirit   .     V - +0 helmet
rElec  +         Dismiss  .     R - +2 cloak
rCorr  .         Reflect  +     T - +0 pair of gloves (curse)
SustAt .         Harm     .     x - +0 pair of boots of Altruism {Dex+3}
MR     .....                    A - +3 amulet of reflection
Stlth  ++........               y - +3 ring of dexterity
                                c - +2 ring of strength

@: corroded, not resistant to hostile enchantments, unstealthy
A: blurry vision 1, negative energy resistance 1, electricity resistance,
unbreathing, petrification resistance, rot immunity, AC +9
a: Quick Charge, Device Surge, Supercharge, Renounce Religion


You were on level 6 of the Lair of Beasts.
You worshipped Pakellas.
Pakellas was exalted by your worship.
You were not hungry.

You visited 3 branches of the dungeon, and saw 18 of its levels.
You also visited: Ossuary.

You collected 996 gold pieces.

Inventory:

Missiles
 j - 3 throwing nets (quivered)
Armour
 d - a +0 leather armour (worn)
 x - the +0 pair of boots of Altruism (worn) {Dex+3}
   (You found it on level 3 of the Lair of Beasts)

   It affects your dexterity (+3).
 R - a +2 cloak (worn)
 T - a cursed +0 pair of gloves (worn)
 V - a +0 helmet (worn)
Rods
 D - a +0 lightning rod (10/10)
   (You found it on level 4 of the Lair of Beasts)
 O - a +5 iron rod (12/12)
   (Pakellas gifted it to you on level 7 of the Dungeon)
Jewellery
 c - a +2 ring of strength (left hand)
 y - a +3 ring of dexterity (right hand)
 A - a +3 amulet of reflection (around neck)
Wands
 i - a wand of lightning (1/15)
 v - a wand of polymorph (13/24)
 E - a wand of random effects (8/48)
 G - a wand of digging (14/24)
 K - a wand of enslavement (9/24)
 L - a wand of iceblast (2/15)
 N - a wand of confusion (3/48)
 X - a wand of iceblast (4/15)
 Y - a wand of acid (0/15)
Scrolls
 e - 6 scrolls of recharging
 g - 3 scrolls of fog {unknown}
 k - a scroll of holy word {unknown}
 l - a scroll of blinking {unknown}
 n - 3 scrolls of teleportation
 t - 3 scrolls of magic mapping
 u - 4 scrolls of remove curse
 z - 2 scrolls of enchant weapon {unknown}
 B - a scroll of brand weapon {unknown}
 C - a scroll of summoning {unknown}
 I - 2 scrolls of fear
Potions
 a - a potion of berserk rage
 h - 4 potions of haste
 m - 3 potions of brilliance
 o - 3 potions of magic
 q - 2 potions of might
 r - 6 potions of curing
 s - 2 potions of flight
 w - 4 potions of mutation
 F - a potion of resistance
 H - 5 potions of agility
 M - 2 potions of invisibility
 U - a potion of ambrosia
Miscellaneous
 J - a disc of storms
 Z - a phial of floods
Comestibles
 b - 12 bread rations
 f - 4 beef jerkies
 p - 9 meat rations
 P - 2 fruits
 Q - 7 chunks of flesh
 S - 3 slices of pizza
 W - 9 royal jellies


   Skills:
 + Level 11.6 Fighting
 - Level 8.3 Armour
 + Level 10.6 Dodging
 - Level 2.1 Stealth
 + Level 13.0 Unarmed Combat
 + Level 1.0 Spellcasting
 * Level 8.4 Evocations


You had 14 spell levels left.
You didn't know any spells.

Dungeon Overview and Level Annotations

Branches:
Dungeon (11/15)            Temple (1/1) D:5            Lair (6/6) D:11
 Shoals (0/4) Lair:4       Spider (0/4) Lair:3        Slime (0/5) Lair:6
    Orc (0/2) D:11

Altars:
Ashenzari
Cheibriados
Dithmenos
Elyvilon
Fedhas
Gozag
Hepliaklqana
Kikubaaqudgha
Makhleb
Nemelex Xobeh
Okawaru
Pakellas
Qazlal
Ru
Sif Muna
Trog
Uskayaw
Vehumet
Xom
Yredelemnul
Zin
The Shining One
Jiyva

Shops:
D:4 :   D:9 (   D:10 [

Annotations:
Lair:3 exclusions: downstairs and 2 more exclusions


Innate Abilities, Weirdness & Mutations

You are resistant to torment.
Your stone body is resilient. (AC +9)
You are immune to poison.
You resist negative energy. (rN+)
You are resistant to electric shocks. (rElec)
You can survive without breathing.
You are immune to petrification.
You are immune to rotting.
Scrolls take you a little longer to read.


Message History

You punch the acid blob!
Your hands burn!
You punch the acid blob.
The acid blob is lightly wounded.
The acid blob spits acid at you. The splash of acid hits you!
The acid corrodes you!
The acid burns!
You punch the acid blob!
Your hands burn!
The acid blob is moderately wounded.
You hit the acid blob.
Your hands burn!
The acid blob is moderately wounded.
The acid blob spits acid at you. The splash of acid hits you!
The acid corrodes you!
The acid burns!
The acid blob hits you!
* * * LOW HITPOINT WARNING * * *
You are splashed with acid!
The acid burns!
* * * LOW HITPOINT WARNING * * *
The acid blob spits acid at you. The splash of acid hits you!
* * * LOW HITPOINT WARNING * * *
The acid burns!
You die...
Pakellas says: Back to the drawing board!

###PP.###### ##
....P.#.#..##.#..
................##
.................##
..................###
.....................
.....................
......##............P
..........@.........#
......#†<.#.JJ.......
.[... #.†.#.##'##....
.... #...#.#._.# .
..# #......#...# .
#...#..#.>.#
....#..#####
#.........
...##......


You could see an acid blob and a slime creature.

Vanquished Creatures
  2 entropy weavers (Lair:4)
  Snorg (Lair:4)
  4 hydras
  A queen ant (Lair:4)
  Psyche (D:10)
  Pikel (D:8)
  An ugly thing (D:11)
  An oklob plant (Lair:5)
  A manticore (Lair:4)
  A griffon (Lair:4)
  An ice statue (Lair:3)
  5 black mambas
  5 spiny frogs
  3 komodo dragons
  A rime drake (Lair:5)
  A freezing wraith (Lair:2)
  The ghost of Findleman the Destroyer, a novice TeCj (D:6)
  A troll (D:11)
  A two-headed ogre (D:9)
  2 polar bears (Lair:3)
  7 blink frogs
  A vampire (D:11)
  33 yaks
  2 wyverns
  A basilisk (Lair:1)
  7 hippogriffs
  3 wargs (D:11)
  Menkaure (D:7)
  27 soldier ants
  4 water moccasins
  10 porcupines
  An orc warrior (D:10)
  4 slaves (D:8)
  2 wasps (D:9)
  2 black bears
  8 ice beasts
  A sky beast (D:9)
  A phantom (D:10)
  4 ogres
  14 wolves
  3 centaurs
  11 crocodiles
  An elf zombie (Ossuary)
  A big kobold (D:9)
  A gnoll sergeant (D:5)
  14 giant frogs
  A water moccasin skeleton (D:9)
  14 killer bees
  4 wights (D:10)
  5 crimson imps
  A quasit (D:6)
  A giant frog zombie (D:10)
  A centaur zombie (D:10)
  2 human zombies (Ossuary)
  6 jellies
  4 orc priests
  3 centaur skeletons
  2 gnoll shamans
  8 hounds
  9 orc wizards
  2 giant frog skeletons
  8 iguanas
  5 hell rats (Lair:4)
  27 worker ants
  13 sheep
  3 big kobold zombies (Ossuary)
  A hound zombie (Ossuary)
  A hound skeleton (D:4)
  A mummy (Ossuary)
  3 worker ant zombies
  58 gnolls
  11 adders
  30 river rats
  2 shadow imps
  3 white imps (Lair:3)
  An ooze (D:2)
  An adder zombie (Ossuary)
  4 adder skeletons
  2 worms
  2 dart slugs
  7 giant geckos
  18 orcs
  11 bats
  5 giant cockroaches
  5 hobgoblins
  26 jackals
  A quokka (D:5)
  3 ball pythons
  9 giant newts
  A gnoll zombie (Ossuary)
  3 goblins
  10 kobolds
  2 kobold zombies (Ossuary)
  An orc zombie (Ossuary)
  9 rats
549 creatures vanquished.

Vanquished Creatures (collateral kills)
  Nergalle (D:10)
  A hill giant (D:10)
  The ghost of Shard1697 the Chopper, a novice DsGl (D:5)
  A vampire (D:11)
  A giant frog zombie (D:11)
  A hound (D:5)
  A mummy (Ossuary)
  A worker ant zombie (D:5)
  A giant cockroach (D:6)
9 creatures vanquished.

Vanquished Creatures (others)
  A hill giant (D:10)
  An ogre (D:6)
  A giant frog (D:6)
  2 mummies (Ossuary)
  A gnoll (D:6)
  10 fungi
  3 plants
19 creatures vanquished.

Grand Total: 577 creatures vanquished

Notes
Turn   | Place    | Note
-------+----------+-------------------------------------------
     0 | D:1      | zxkuqyb the Gargoyle Monk began the quest for the Orb.
     0 | D:1      | Reached XP level 1. HP: 14/14 MP: 1/1
   227 | D:1      | Found a shimmering altar of Xom.
   233 | D:1      | Reached XP level 2. HP: 19/19 MP: 2/2
   764 | D:2      | Found an opulent altar of Gozag.
   829 | D:2      | Reached skill level 4 in Unarmed Combat
   838 | D:2      | Reached XP level 3. HP: 12/23 MP: 3/3
  1441 | D:2      | Reached XP level 4. HP: 9/28 MP: 4/4
  1858 | D:2      | Reached skill level 5 in Unarmed Combat
  2390 | D:3      | Reached XP level 5. HP: 24/32 MP: 5/5
  2405 | D:3      | Found a stormy altar of Qazlal.
  2716 | D:4      | Found Ymivepo's Book Boutique.
  2724 | D:4      | Noticed an ogre
  3176 | D:4      | Killed an ogre
  3176 | D:4      | Reached XP level 6. HP: 8/38 MP: 6/6
  3612 | D:4      | Reached skill level 6 in Unarmed Combat
  4133 | D:4      | Reached XP level 7. HP: 41/44 MP: 7/7
  4141 | D:5      | Entered Level 5 of the Dungeon
  4390 | D:5      | Found a staircase to the Ecumenical Temple.
  4400 | Temple   | Entered the Ecumenical Temple
  4419 | Temple   | Became a worshipper of Pakellas the Inventive
  4419 | Temple   | Reached * piety under Pakellas
  4419 | Temple   | Received a gift from Pakellas
  4419 | Temple   | Reached ** piety under Pakellas
  4419 | Temple   | Received a gift from Pakellas
  4466 | D:5      | Noticed Shard1697's ghost (novice DsGl)
  4476 | D:5      | Killed Shard1697's ghost
  4691 | D:5      | Found a basalt altar of Yredelemnul.
  4735 | D:5      | Found a burning altar of Makhleb.
  4735 | D:5      | Noticed a balrug
  4803 | D:5      | Reached skill level 5 in Fighting
  5259 | D:5      | Reached XP level 8. HP: 39/49 MP: 8/8
  5262 | D:5      | Reached *** piety under Pakellas
  5262 | D:5      | Received a gift from Pakellas
  5286 | D:5      | Reached skill level 5 in Dodging
  5466 | D:5      | Reached skill level 7 in Unarmed Combat
  5893 | D:5      | Reached **** piety under Pakellas
  5893 | D:5      | Received a gift from Pakellas
  6428 | D:6      | Found a snail-covered altar of Cheibriados.
  6532 | D:6      | Reached skill level 1 in Evocations
  6575 | D:6      | Reached XP level 9. HP: 35/56 MP: 9/9
  6730 | D:6      | Noticed Findleman's ghost (novice TeCj)
  6743 | D:6      | Killed Findleman's ghost
  7328 | D:7      | Reached skill level 8 in Unarmed Combat
  7414 | D:7      | Found a radiant altar of Vehumet.
  7414 | D:7      | Found a white marble altar of Elyvilon.
  7430 | D:7      | Reached ***** piety under Pakellas
  7430 | D:7      | Received a gift from Pakellas
  7450 | D:7      | Found a blossoming altar of Fedhas.
  7463 | D:7      | Found a sand-covered staircase.
  7468 | Ossuary  | Entered an ossuary
  8247 | D:7      | Noticed Menkaure
  8257 | D:7      | Killed Menkaure
  8384 | D:7      | Reached skill level 1 in Armour
  8851 | D:8      | Reached XP level 10. HP: 47/63 MP: 1/12
  9161 | D:8      | Noticed Pikel
  9170 | D:8      | Killed Pikel
  9170 | D:8      | Reached skill level 9 in Unarmed Combat
  9594 | D:9      | Found Innosed's Weapon Shop.
 10261 | D:9      | Reached skill level 10 in Unarmed Combat
 10603 | D:10     | Entered Level 10 of the Dungeon
 10621 | D:10     | Noticed Nergalle
 10626 | D:10     | Killed Nergalle
 10626 | D:10     | Reached XP level 11. HP: 69/69 MP: 7/14
 10752 | D:10     | Noticed a hill giant
 10759 | D:10     | Killed a hill giant
 10759 | D:10     | Reached skill level 5 in Evocations
 10825 | D:10     | Reached ****** piety under Pakellas
 10850 | D:10     | Found Deybbife's Armour Boutique.
 11033 | D:10     | Noticed a hill giant
 11036 | D:10     | Noticed Psyche
 11070 | D:10     | Killed Psyche
 11615 | D:11     | Reached skill level 5 in Armour
 11790 | D:11     | Noticed a cyan ugly thing
 11871 | D:11     | Found a staircase to the Orcish Mines.
 11920 | D:11     | Killed a cyan ugly thing
 11976 | D:11     | Gained mutation: Scrolls take you a little longer to read. [mutagenic meat]
 12390 | D:11     | Found a staircase to the Lair.
 12413 | D:11     | Reached skill level 11 in Unarmed Combat
 13008 | Lair:1   | Entered Level 1 of the Lair of Beasts
 13213 | Lair:1   | Noticed a four-headed hydra
 13230 | Lair:1   | Killed a four-headed hydra
 13230 | Lair:1   | Reached XP level 12. HP: 28/77 MP: 4/16
 14172 | Lair:1   | Reached skill level 10 in Fighting
 14643 | Lair:2   | Reached skill level 12 in Unarmed Combat
 14920 | Lair:2   | Noticed an eight-headed hydra
 14923 | Lair:2   | Killed an eight-headed hydra
 16183 | Lair:3   | Identified Rodiyrr's Grimoire of Cankerous Transmutation
 16480 | Lair:3   | Got a pair of transparent boots
 16486 | Lair:3   | Identified the +0 pair of boots of Altruism {Dex+3} (You found it on level 3 of the Lair of Beasts)
 16502 | Lair:3   | Identified the Incunabulum of the Rocks (You found it on level 3 of the Lair of Beasts)
 16640 | Lair:4   | Found a staircase to the Shoals.
 16660 | Lair:4   | Reached XP level 13. HP: 48/84 MP: 2/18
 16703 | Lair:4   | Noticed an entropy weaver
 16714 | Lair:4   | Noticed an entropy weaver
 17413 | Lair:3   | Found a hole to the Spider Nest.
 18019 | Lair:5   | Reached skill level 10 in Dodging
 18327 | Lair:4   | HP: 3/84 [black mamba (11)]
 18625 | Lair:4   | Noticed Snorg
 18636 | Lair:4   | Killed Snorg
 18705 | Lair:4   | Killed an entropy weaver
 18724 | Lair:4   | Killed an entropy weaver
 19959 | Lair:5   | Reached skill level 13 in Unarmed Combat
 20450 | Lair:5   | Reached skill level 1 in Spellcasting
 20548 | Lair:6   | Entered Level 6 of the Lair of Beasts
 20579 | Lair:6   | Found a runed door.
 20580 | Lair:6   | Found a viscous altar of Jiyva.
 20587 | Lair:6   | Found a staircase to the Slime Pits.
 20587 | Lair:6   | Noticed an acid blob
 20596 | Lair:6   | Splashed by an acid blob's acid

Vault maps used:
D:1:      lightli_arrival_noodles, roderic_lattice_a, xom_teletrap_fun
D:2:      grunt_gozag_breadcrumbs
D:3:      lemuel_round_altar
D:4:      serial_shops, shop, kennysheep_nondescript
D:5:      lemuel_castle_with_subvaults, makhleb_altar_promises_db, basic_altar,
          first_bread
D:6:      kennysheep_slug_shrine
D:7:      grunt_temple_overflow_open, enter_ossuary_5, uniq_menkaure
D:8:      uniq_pikel
D:9:      serial_shops, shop, serial_co_window_serial, co_window_corner_a,
          co_window_paths_a, co_window_of_opportunity_a, co_window_paths_a,
          co_window_paths_b, co_window_paths_a, co_window_corner_a,
          co_window_cross_4, co_window_broadway_b, co_window_broadway_b,
          co_window_broadway_c, co_window_corner_cb, co_window_of_opportunity_c,
          glass_columns_a, glass_columns_a, glass_columns_a, glass_columns_a,
          glass_columns_a, hangedman_pestilent_swarm
D:10:     serial_shops, shop, uniq_psyche, uniq_nergalle
D:11:     erik_lair_orcish_takeover, nrook_mini_vaults
Temple:   lightli_temple_of_artemis
Lair:1:   grunt_megastairs_5
Lair:2:   beast_lair_carwin_2, grunt_megastairs_1, serial_bayou_shore_b
Lair:3:   nicolae_spider_entry_orb_guardian, ice2_lemuel
Lair:4:   minmay_shoals_entry_beasts, bh_chokoban, st_stairs_13,
          roderic_batcave, minivault_29, uniq_snorg
Lair:5:   lemuel_fruit_fields
Lair:6:   evilmike_catoblepas_cave, slime_altar_2, grunt_megastairs_4
Ossuary:  ossuary_minmay_tomb_2a

Skill      XL: |  1  2  3  4  5  6  7  8  9 10 11 12 13 |
---------------+----------------------------------------+-----
Unarmed Combat | 4 5 6 7 8 10 11 12 13 | 13.0
Fighting       | 4 5 6 7 8 9 10 11 | 11.6
Dodging        | 3 4 6 7 8 9 10 | 10.6
Evocations     | 1 3 4 6 7 8 |  8.4
Armour         | 1 4 6 7 8 |  8.3
Spellcasting   | 1 |  1.0
Stealth        | |  2.1

Action                   |  1- 3 |  4- 6 |  7- 9 | 10-12 | 13-15 || total
-------------------------+-------+-------+-------+-------+-------++-------
Melee: Unarmed           |    97 |   197 |   692 |  1093 |   516 ||  2595
       Punch             |       |     5 |    33 |    75 |    46 ||   159
Throw: Throwing net      |       |       |       |       |     2 ||     2
Invok: Device Surge      |       |       |       |     3 |     5 ||     8
       Quick Charge      |       |       |       |     1 |       ||     1
Evoke: Box of beasts     |       |       |     1 |     4 |       ||     5
       Wand              |       |       |    10 |    12 |     9 ||    31
       Rod               |       |       |       |     5 |    16 ||    21
       Phial of floods   |       |       |       |     2 |       ||     2
  Use: Scroll            |       |       |     9 |    13 |     5 ||    27
       Potion            |       |       |       |     6 |    16 ||    22
 Stab: Sleeping          |     5 |     1 |     7 |     9 |     1 ||    23
       Distracted        |       |       |     2 |     3 |       ||     5
       Held in net/web   |       |       |       |       |     1 ||     1
  Eat: Bread ration      |       |     2 |       |       |       ||     2
       Chunk             |       |     2 |    12 |    17 |     2 ||    33
       Fruit             |       |       |     3 |    21 |    12 ||    36
Armor: Robe              |    23 |    55 |   192 |    48 |       ||   318
       Leather armour    |       |       |       |   289 |   130 ||   419
       Skin              |       |       |       |       |    19 ||    19
Dodge: Dodged            |    67 |   133 |   549 |   943 |   417 ||  2109
Block: Other             |       |       |       |       |     9 ||     9
